 Dungeon Crawl Stone Soup version 0.31.0 (webtiles) character file.

Game seed: 7978508219823655280

3464 qw the Skirmisher (level 10, -1/64 HPs)
             Began as a Gargoyle Hunter on Jan 20, 2024.
             Was a Priest of Okawaru.
             Slain by an orc warrior
             ... wielding a +0 glaive
              (9 damage)
             ... on level 7 of the Dungeon.
             The game lasted 00:00:32 (5743 turns).

qw the Skirmisher (Gargoyle Hunter)                 Turns: 5743, Time: 00:00:33

Health: -1/64      AC: 19    Str: 21    XL:     10   Next: 6%
Magic:  13/13      EV: 12    Int: 10    God:    Okawaru [***...]
Gold:   243        SH:  0    Dex: 17    Spells: 9/9 levels left

rFire   + . .        a - +2 shortbow (heavy)
rCold   . . .        (shield currently unavailable)
rNeg    + . .        f - +2 ring mail {rF+}
rPois   inf          o - +2 helmet
rElec   +            (no cloak)
rCorr   +            b - +0 pair of gloves
SInv    .            (no boots)
Will    .....        (no amulet)
Stlth   +            h - +6 ring of strength
HPRegen 0.30/turn    g - ring of resist corrosion
MPRegen 0.13/turn

%: no passive effects
@: about to teleport
A: sickness immunity, AC +7, negative energy resistance 1, electricity
resistance, torment resistance 1, petrification resistance, sense surroundings
1, subdued magic 1
a: Renounce Religion, Heroism


You were on level 7 of the Dungeon.
You worshipped Okawaru.
Okawaru was most pleased with you.
You visited 2 branches of the dungeon, and saw 8 of its levels.

You collected 301 gold pieces.
You spent 58 gold pieces at shops.


Innate Abilities, Weirdness & Mutations

You are immune to sickness and miasma.
Your stone body is resilient. (AC +7)
You are immune to poison.
You resist negative energy. (rN+)
You are resistant to electric shocks. (rElec)
You are resistant to unholy torment.
You are immune to petrification.
You passively map a small area around you.
Your spells are a little easier to cast, but a little less powerful.


   Skills:
 - Level 8.0 Fighting
 + Level 11.0 Ranged Weapons
 - Level 4.0 Armour
 - Level 3.1 Dodging
 - Level 1.1 Stealth
 - Level 4.0 Invocations


You had 9 spell levels left.
You didn't know any spells.
Your spell library was empty.

Inventory:

Hand Weapons
 a - a +2 heavy shortbow (weapon)
Armour
 b - a +0 pair of gloves (worn)
 f - a +2 ring mail of fire resistance (worn)
 n - a +3 leather armour
 o - a +2 helmet (worn)
Jewellery
 g - a ring of resist corrosion (right hand)
 h - a +6 ring of strength (left hand)
 j - a ring of positive energy
Wands
 p - a wand of polymorph (7)
Scrolls
 c - 3 scrolls of teleportation
 l - a scroll of identify
 q - a scroll of acquirement {unknown}
 r - a scroll of enchant armour {unknown}
Potions
 d - 2 potions of curing
 e - 2 potions of haste
 i - 2 potions of mutation
 k - a potion of might
 m - a potion of magic

Dungeon Overview and Level Annotations

Branches:
Dungeon (7/15)             Temple (1/1) D:4

Altars:
Ashenzari
Elyvilon
Fedhas
Gozag
Hepliaklqana
Makhleb
Okawaru
Qazlal
Ru
Sif Muna
Trog
Uskayaw
Vehumet
Wu Jian
Xom
Yredelemnul
Zin
The Shining One

Shops:
D:2 (?[*[

Annotations:
D:7 2 transporters, qw's ghost, novice GrHu


Message History

The magic dart hits you. The orc warrior closely misses you.
You shoot an arrow.
The arrow closely misses the orc warrior.
The orc warrior hits you from afar with a +0 glaive.
You shoot an arrow. The arrow hits the orc wizard.
The orc wizard is moderately wounded.
The orc wizard gestures at you while chanting.
You easily resist.
The orc wizard points at you and mumbles some strange words.
The puff of flame hits you. You resist.
The orc warrior hits you from afar with a +0 glaive!
5740 ||| READING 4 scrolls of teleportation.
As you read the scroll of teleportation, it crumbles to dust.
You feel strangely unstable.
The orc wizard hits you but does no damage.
The orc warrior hits you but does no damage.
You shoot an arrow. The arrow hits the orc wizard.
The orc wizard is moderately wounded.
The orc wizard barely misses you. The orc wizard casts a spell at you.
You easily resist.
The orc warrior hits you from afar with a +0 glaive!
The orc wizard hits you but does no damage.
The orc wizard barely misses you.
The orc warrior hits you from afar with a +0 glaive.
You shoot an arrow. The arrow hits the orc wizard.
The orc wizard is severely wounded.
The orc closely misses you.
The orc wizard points at you and mumbles some strange words.
The puff of flame hits you but does no damage.
You resist. The orc wizard casts a spell at you.
You are confused.
The orc warrior barely misses you.
5743 ||| DRINKING 3 potions of curing.
You feel better.
5743 ||| (to cure confusion)
The orc wizard barely misses you.
The orc hits you with a +1 whip of venom.
The orc warrior hits you from afar with a +0 glaive!
You die...

##......#### #.......)##.
#..#........ ##..#.>.##...
*.##......#.).. ##............##
###......##......#
##.o...#...........
##.@o...#...........
###...o...............
#.....o...............
##.....................
##.......#)....%........
##.......##.....#####....
####.............:..## ##... ###
##.####...............# ##...
#.###..###............##...##....


You could see an orc warrior, 2 orc wizards and an orc.

Vanquished Creatures
  Pikel (D:6)
  Prince Ribbit (D:6)
  Sigmund (D:6)
  Eustachio (D:6)
  A steam dragon (D:7)
  A water moccasin (D:7)
  A hornet zombie (D:7)
  2 sky beasts
  3 ogres
  2 lemures (D:6)
  2 phantoms
  4 bullfrogs (D:6)
  2 wyvern zombies (D:7)
  5 scorpions
  A howler monkey (D:7)
  4 centaur zombies (D:7)
  3 jellies
  A bullfrog zombie (D:7)
  2 bombardier beetles (D:4)
  A gnoll bouda (D:5)
  2 hounds (D:5)
  Jessica (D:2)
  8 iguanas
  4 orc wizards
  Robin (D:2)
  3 gnolls (D:5)
  2 adders
  A white imp (D:6)
  4 dart slugs
  11 orcs
  3 bats
  2 endoplasms (D:4)
  4 giant cockroaches
  15 goblins
  17 hobgoblins
  7 jackals
  5 kobolds
  3 quokkas
  5 ball pythons
  4 frilled lizards
  5 rats
  A spectral goblin (D:1)
147 creatures vanquished.

Notes
Turn   | Place    | Note
-------+----------+-------------------------------------------
     0 | D:1      | qw the Gargoyle Hunter began the quest for the Orb.
     0 | D:1      | Reached XP level 1. HP: 12/12 MP: 1/1
     0 | D:1      | 0 ||| qw: Version: 0.3-a-132-g3d54051
     0 | D:1      | 0 ||| qw: Game counter: 533
     0 | D:1      | 0 ||| qw: Melee chars always use a shield: true
     0 | D:1      | 0 ||| qw: God list: Okawaru
     0 | D:1      | 0 ||| qw: Allow faded altars: false
     0 | D:1      | 0 ||| qw: Do Orc after clearing Dungeon:15 true
     0 | D:1      | 0 ||| qw: Do second Lair branch before Depths: true
     0 | D:1      | 0 ||| qw: Lair rune preference: random
     0 | D:1      | 0 ||| qw: Goals: Normal
     0 | D:1      | 0 ||| PLANNING D:1-11
   120 | D:1      | Found a faded altar of an unknown god.
   297 | D:1      | Reached XP level 2. HP: 17/17 MP: 2/2
   637 | D:1      | Reached XP level 3. HP: 21/21 MP: 3/3
   693 | D:1      | Reached skill level 5 in Ranged Weapons
   969 | D:1      | 969 ||| UPGRADING to +6 ring of strength.
   970 | D:1      | 970 ||| READING scroll labelled SIFONO QIYSK.
   971 | D:1      | 971 ||| READING scroll labelled GYGGEC UDGHACLAAPT.
   976 | D:1      | 976 ||| READING scroll labelled YXUODY RICW.
   977 | D:1      | 977 ||| DRINKING 2 fizzy red potions.
   977 | D:1      | Gained mutation: Your spells are a little easier to cast,
                  | but a little less powerful. [potion of mutation]
   977 | D:1      | Gained mutation: You passively map a small area around you.
                  | [potion of mutation]
   978 | D:1      | 978 ||| DROPPING scroll of butterflies.
  1104 | D:2      | Found Zituom's Antique Armour Emporium.
  1123 | D:2      | 1123 ||| SHOPLISTING cloak (103 gold, have 66).
  1123 | D:2      | 1123 ||| SHOPLISTING pair of gloves (103 gold, have 66).
  1123 | D:2      | 1123 ||| SHOPLISTING runed helmet (172 gold, have 66).
  1140 | D:2      | Found Ufoujiponn's Assorted Antiques.
  1148 | D:2      | 1148 ||| SHOPLISTING glowing scarf (200 gold, have 66).
  1148 | D:2      | 1148 ||| SHOPLISTING runed helmet (187 gold, have 66).
  1148 | D:2      | 1148 ||| SHOPLISTING scroll of teleportation (75 gold, have
                  | 66).
  1167 | D:2      | Noticed Jessica
  1170 | D:2      | Killed Jessica
  1171 | D:2      | Reached skill level 3 in Fighting
  1171 | D:2      | Reached XP level 4. HP: 18/28 MP: 4/4
  1171 | D:2      | 1171 ||| FLEEEEING.
  1177 | D:2      | 1177 ||| STAIRDANCE
  1212 | D:1      | 1212 ||| READING scroll labelled VIEKKO PANAN.
  1212 | D:1      | 1212 ||| BRANDING +0 shortbow.
  1250 | D:2      | Found Xuemod's Armour Boutique.
  1258 | D:2      | 1258 ||| BUYING +0 pair of gloves (58 gold).
  1258 | D:2      | Bought a +0 pair of gloves for 58 gold pieces
  1258 | D:2      | 1258 ||| SHOPLISTING +0 ring mail (52 gold, have 22).
  1258 | D:2      | 1258 ||| SHOPLISTING +0 swamp dragon scales (650 gold, have
                  | 22).
  1402 | D:2      | Found Yrunacsoupuq's Magic Scroll Shoppe.
  1412 | D:2      | 1412 ||| SHOPLISTING scroll of enchant armour (97 gold,
                  | have 22).
  1412 | D:2      | 1412 ||| SHOPLISTING scroll of identify (26 gold, have 22).
  1412 | D:2      | 1412 ||| SHOPLISTING scroll of teleportation (39 gold, have
                  | 22).
  1474 | D:2      | Noticed Robin
  1485 | D:2      | Killed Robin
  1539 | D:2      | Found Roatoghutra's Weapon Boutique.
  1784 | D:2      | 1784 ||| UPGRADING to +0 pair of gloves.
  1789 | D:2      | 1789 ||| UPGRADING to +0 ring mail.
  1799 | D:2      | 1799 ||| DROPPING +0 leather armour.
  1800 | D:2      | 1800 ||| UPGRADING to +0 helmet.
  1805 | D:2      | 1805 ||| READING 3 scrolls labelled VEACRI HEPYBB.
  1805 | D:2      | 1805 ||| IDENTIFYING fuming emerald potion
  1806 | D:2      | 1806 ||| READING 2 scrolls of identify.
  1806 | D:2      | 1806 ||| IDENTIFYING inky potion
  1807 | D:2      | 1807 ||| READING scroll of identify.
  1807 | D:2      | 1807 ||| IDENTIFYING 2 yellow potions
  1808 | D:2      | 1808 ||| READING scroll labelled BOPHAOH ARUCW.
  1809 | D:2      | 1809 ||| READING scroll labelled CATSIE LACRUNY.
  1809 | D:2      | 1809 ||| ENCHANTING +0 shortbow of freezing.
  1810 | D:2      | 1810 ||| DROPPING potion of degeneration.
  1947 | D:3      | Found a shimmering blue altar of Sif Muna.
  1993 | D:3      | Reached skill level 1 in Armour
  2153 | D:3      | Reached XP level 5. HP: 32/32 MP: 5/5
  2262 | D:3      | Found a glowing silver altar of Zin.
  2262 | D:3      | Noticed an angel
  2465 | D:3      | Found a sacrificial altar of Ru.
  2469 | D:3      | Found a broken altar of Ashenzari.
  2601 | D:3      | 2601 ||| READING scroll labelled NUHEJE YXOCS.
  2602 | D:3      | 2602 ||| READING scroll labelled DUOKKEUFOAR.
  2683 | D:4      | Reached skill level 6 in Ranged Weapons
  2783 | D:4      | 2783 ||| FLEEEEING.
  2858 | D:4      | Reached XP level 6. HP: 38/38 MP: 6/6
  3051 | D:4      | Reached skill level 7 in Ranged Weapons
  3058 | D:4      | Reached XP level 7. HP: 43/43 MP: 7/7
  3059 | D:4      | Found a staircase to the Ecumenical Temple.
  3060 | D:4      | 3060 ||| PLANNING TEMPLE
  3060 | D:4      | 3060 ||| UPGRADING to +2 ring mail of fire resistance.
  3070 | D:4      | 3070 ||| DROPPING +0 ring mail.
  3071 | D:4      | 3071 ||| UPGRADING to amulet of guardian spirit.
  3076 | D:4      | 3076 ||| UPGRADING to ring of resist corrosion.
  3087 | Temple   | Found a transporter.
  3087 | Temple   | Found a transporter.
  3087 | Temple   | Found a transporter.
  3087 | Temple   | Found a transporter.
  3087 | Temple   | Entered the Ecumenical Temple
  3088 | Temple   | 3088 ||| PLANNING OKAWARU WORSHIP
  3105 | Temple   | Became a worshipper of Warmaster Okawaru
  3106 | Temple   | 3106 ||| PLANNING D:1-11
  3106 | Temple   | 3106 ||| REMOVING amulet of guardian spirit.
  3111 | Temple   | 3111 ||| DROPPING amulet of guardian spirit.
  3151 | D:4      | 3151 ||| READING scroll of enchant weapon.
  3151 | D:4      | 3151 ||| ENCHANTING +1 shortbow of freezing.
  3280 | D:4      | 3280 ||| READING scroll of brand weapon.
  3280 | D:4      | 3280 ||| BRANDING +2 shortbow of freezing.
  3405 | D:4      | 3405 ||| READING 2 scrolls of identify.
  3405 | D:4      | 3405 ||| IDENTIFYING smoky grey potion
  3406 | D:4      | 3406 ||| READING scroll of identify.
  3406 | D:4      | 3406 ||| IDENTIFYING fuming amethyst potion
  3407 | D:4      | 3407 ||| READING scroll labelled FYACYXUVIU.
  3408 | D:4      | 3408 ||| FLEEEEING.
  3412 | D:4      | 3412 ||| STAIRDANCE
  3534 | D:5      | Entered Level 5 of the Dungeon
  3606 | D:5      | Reached skill level 8 in Ranged Weapons
  3751 | D:5      | Reached * piety under Okawaru
  3766 | D:5      | Reached skill level 1 in Invocations
  3813 | D:5      | 3813 ||| FLEEEEING.
  3887 | D:5      | Reached XP level 8. HP: 49/49 MP: 9/9
  4009 | D:6      | Reached skill level 3 in Invocations
  4013 | D:6      | 4013 ||| STAIRDANCE
  4078 | D:5      | 4078 ||| UPGRADING to +2 helmet.
  4088 | D:5      | 4088 ||| DROPPING +0 helmet.
  4110 | D:6      | Reached ** piety under Okawaru
  4204 | D:6      | Found a bloodstained altar of Trog.
  4239 | D:6      | 4239 ||| FLEEEEING.
  4307 | D:6      | Noticed Pikel
  4308 | D:6      | 4308 ||| RETREEEEATING.
  4309 | D:6      | 4309 ||| RETREEEEATING.
  4310 | D:6      | 4310 ||| RETREEEEATING.
  4311 | D:6      | 4311 ||| RETREEEEATING.
  4312 | D:6      | 4312 ||| RETREEEEATING.
  4313 | D:6      | 4313 ||| RETREEEEATING.
  4314 | D:6      | 4314 ||| RETREEEEATING.
  4316 | D:6      | 4316 ||| RETREEEEATING.
  4317 | D:6      | 4317 ||| RETREEEEATING.
  4318 | D:6      | 4318 ||| RETREEEEATING.
  4319 | D:6      | 4319 ||| RETREEEEATING.
  4324 | D:6      | Reached skill level 9 in Ranged Weapons
  4324 | D:6      | 4324 ||| INVOKING Heroism.
  4333 | D:6      | Killed Pikel
  4334 | D:6      | Reached XP level 9. HP: 34/57 MP: 10/12
  4459 | D:6      | Noticed Eustachio
  4474 | D:6      | Killed Eustachio
  4543 | D:6      | Noticed Sigmund
  4551 | D:6      | 4551 ||| FLEEEEING.
  4567 | D:6      | 4567 ||| FLEEEEING.
  4578 | D:6      | 4578 ||| FLEEEEING.
  4581 | D:6      | Killed Sigmund
  4582 | D:6      | Reached skill level 10 in Ranged Weapons
  4727 | D:6      | 4727 ||| FLEEEEING.
  4864 | D:6      | Noticed Prince Ribbit
  4865 | D:6      | 4865 ||| INVOKING Heroism.
  4872 | D:6      | Killed Prince Ribbit
  4902 | D:6      | Found a hazy altar of Hepliaklqana.
  5087 | D:6      | 5087 ||| READING scroll labelled YHIETO FEGA.
  5188 | D:6      | 5188 ||| READING scroll labelled ESIVIH BOSK.
  5189 | D:6      | 5189 ||| DROPPING wand of flame (15).
  5251 | D:7      | Reached *** piety under Okawaru
  5252 | D:7      | Reached skill level 3 in Dodging
  5323 | D:7      | Noticed a hornet
  5342 | D:7      | Noticed a queen bee
  5365 | D:7      | Found a transporter.
  5370 | D:7      | Found a transporter.
  5378 | D:7      | Found a basalt altar of Yredelemnul.
  5397 | D:7      | 5397 ||| FLEEEEING.
  5417 | D:7      | Noticed qw's ghost (novice GrHu)
  5554 | D:7      | Reached skill level 11 in Ranged Weapons
  5554 | D:7      | Reached XP level 10. HP: 63/63 MP: 13/13
  5582 | D:7      | 5582 ||| FLEEEEING.
  5739 | D:7      | HP: 15/64 [orc warrior/+0 glaive (12)]
  5740 | D:7      | 5740 ||| READING 4 scrolls of teleportation.
  5741 | D:7      | HP: 4/64 [orc warrior/+0 glaive (5)]
  5743 | D:7      | 5743 ||| DRINKING 3 potions of curing.
  5743 | D:7      | 5743 ||| (to cure confusion)
  5743 | D:7      | Slain by an orc warrior

Levels and vault maps discovered:
D:1:      dpeg_arrival_morbid_curiosity, layout_loops_corners,
          dreamdust_ecumenical_altar_drowned_temple, minmay_misc_feat_plants
D:2:      layout_loops_ring, serial_shops, shop, nicolae_lakefront_shop,
          nicolae_shop_gibbet_a_chance, shop, shop, uniq_jessica, uniq_robin
D:3:      layout_loops_cross, jmf_multi_god_temple2, mainiacjoe_overflow_paths,
          zin_angel
D:4:      kennysheep_big_flooded_room, layout_cave_pools,
          minmay_temple_entry_statues_fountains, st_stairs_12
D:5:      layout_cave_pools
D:6:      layout_basic, lemuel_crystal_altar, nicolae_hepliaklqana_hippocampus,
          st_stairs_2, chequers_serial_rivers_room_a,
          corexii_item_surrounded_by_moat, minmay_door_square, uniq_eustachio,
          uniq_pikel, uniq_sigmund, uniq_prince_ribbit1
D:7:      layout_cave_pools, nicolae_yredelemnul_corpse_copse,
          gammafunk_ghost_hive
Temple:   hellmonk_temple_divided_pantheon

Skill      XL: |  1  2  3  4  5  6  7  8  9 10 |
---------------+-------------------------------+-----
Ranged Weapons | 5 6 7 8 9 11 | 11.0
Fighting       | 3 4 5 7 8 |  8.0
Armour         | 1 2 4 |  4.0
Invocations    | 2 4 |  4.0
Dodging        | 2 3 |  3.1
Stealth        | |  1.1

Action                     |  1- 3 |  4- 6 |  7- 9 | 10-12 || total
---------------------------+-------+-------+-------+-------++-------
   Fire: Shortbow          |    75 |   189 |   238 |    24 ||   526
 Invoke: Heroism           |       |       |     2 |       ||     2
    Use: Scroll            |     3 |     8 |     7 |     1 ||    19
         Potion            |     1 |       |       |     1 ||     2
 Armour: Leather armour    |    13 |    15 |       |       ||    28
         Ring mail         |       |    34 |   106 |    25 ||   165
  Dodge: Dodged            |    12 |    39 |    77 |    16 ||   144

Table legend:
 A = Non-vault XP
 B = Vault XP
 C = Vault XP percentage of total XP
 D = Non-vault monster count
 E = Vault monster count
 F = Vault count percentage of total count
                 A         B        C        D         E       F
            +---------+---------+-------+---------+---------+-------
      Total |    2713 |    2236 |  45.2 |     107 |      38 |  26.2
            +---------+---------+-------+---------+---------+-------
        D:1 |      33 |      10 |  23.3 |      16 |       6 |  27.3
        D:2 |      15 |      72 |  82.8 |       8 |      12 |  60.0
        D:3 |      43 |       4 |   8.5 |      17 |       2 |  10.5
        D:4 |     433 |      74 |  14.6 |      24 |       3 |  11.1
        D:5 |     596 |       0 |   0.0 |      14 |       0 |   0.0
        D:6 |     948 |    1541 |  61.9 |      18 |       7 |  28.0
        D:7 |     645 |     535 |  45.3 |      10 |       8 |  44.4
            +---------+---------+-------+---------+---------+-------
